 Dungeon Crawl Stone Soup version 0.25-a0-591-g2ad0d86 (webtiles) character file.

Game seed: 11525921128512282437, levelgen mode: deterministic

114 MrTaco21 the Cudgeler (level 4, -1/28 HPs)
             Began as a Gargoyle Fighter on Mar 14, 2020.
             Killed from afar by an orc wizard (4 damage)
             ... with a magic dart
             ... on level 3 of the Dungeon.
             The game lasted 00:02:39 (1731 turns).

MrTaco21 the Cudgeler (Gargoyle Fighter)            Turns: 1731, Time: 00:02:40

Health: -1/28      AC: 10    Str: 21    XL:     4   Next: 98%
Magic:  4/4        EV:  7    Int:  4    God:
Gold:   84         SH:  9    Dex:  9    Spells: 3/3 levels left

rFire    . . .     SeeInvis .   a - +0 flail
rCold    . . .     Gourm    .   c - +0 kite shield
rNeg     + + .     Faith    .   b - +0 scale mail
rPois    ∞         Spirit   .   (no helmet)
rElec    +         Reflect  .   (no cloak)
rCorr    .         Harm     .   (no gloves)
MR       .....                  (no boots)
Stlth    ..........             (no amulet)
HPRegen  0.09/turn              j - -4 ring of intelligence (curse)
MPRegen  0.09/turn              i - ring of positive energy

@: slowed, very slow
A: negative energy resistance 1, electricity resistance, unbreathing,
petrification resistance, rot immunity, AC +3
a: no special abilities


You were on level 3 of the Dungeon.
You were not hungry.

You visited 1 branch of the dungeon, and saw 3 of its levels.

You collected 84 gold pieces.

Inventory:

Hand Weapons
 a - a +0 flail (weapon)
Armour
 b - a +0 scale mail (worn)
 c - a +0 kite shield (worn)
Jewellery
 i - a ring of positive energy (right hand)
   (You found it on level 1 of the Dungeon)
 j - a cursed -4 ring of intelligence (left hand)
   (You found it on level 1 of the Dungeon)
Wands
 g - a wand of scattershot (8)
   (You found it on level 3 of the Dungeon)
Scrolls
 f - a scroll of noise {!r}
 h - 3 scrolls of fog
 o - 2 scrolls of enchant armour {unknown}
 q - a scroll of remove curse {unknown}
 r - 2 scrolls of teleportation {unknown}
 t - a scroll of random uselessness
 u - a scroll of blinking {unknown}
Potions
 d - a potion of might
 l - a potion of invisibility {unknown}
 m - a potion of berserk rage {unknown}
 n - 4 potions of curing {unknown}
 p - 3 potions of degeneration {unknown}
 s - a potion of cancellation {unknown}
Comestibles
 e - 4 rations {!d}
 k - 6 chunks of flesh


   Skills:
 - Level 3.2 Fighting
 + Level 5.0 Maces & Flails
 - Level 3.2 Armour
 - Level 3.2 Shields


You had 3 spell levels left.
You didn't know any spells.
Your spell library was empty.

Dungeon Overview and Level Annotations

Branches:
Dungeon (3/15)

Altars:
Ashenzari


Innate Abilities, Weirdness & Mutations

You are resistant to torment.
Your stone body is resilient. (AC +3)
You are immune to poison.
You resist negative energy. (rN+)
You are resistant to electric shocks. (rElec)
You can survive without breathing.
You are immune to petrification.
You are immune to rotting.


Message History

The orc wizard casts a spell at you.
You feel as though you will be slow longer.
The orc completely misses you. You block something's attack.
You block the orc's attack. Something hits you.
* * * LOW HITPOINT WARNING * * *
Unknown command.
You closely miss something. The orc wizard casts a spell at you.
The magic dart hits you.
* * * LOW HITPOINT WARNING * * *
Something hits you but does no damage. You block the orc's attack.
Something hits you but does no damage. The orc hits you but does no damage.
Something hits you but does no damage.
The orc wizard mumbles some strange words.
The orc wizard blinks!
Unknown command.
You hit the orc. You block the orc's attack.
Something hits you but does no damage. The orc hits you but does no damage.
Something hits you but does no damage.
You sock the orc!
You kill the orc!
Your Maces & Flails skill increases to level 5!
Something hits you but does no damage.
You hear some strange, mumbled words.
The orc wizard casts a spell at you.
The magic dart hits something!
Reactivating autopickup.
Found a stone staircase leading down.
Items here: ) [[ †† a +0 vampiric dagger {!w}; a +0 leather armour; a cursed +0 chain mail an orc corpse x2
The orc wizard gestures wildly while chanting.
The orc wizard blinks!
The orc wizard points at you and mumbles some strange words.
The magic dart hits you but does no damage.
The orc wizard points at you and mumbles some strange words.
The magic dart hits you.
* * * LOW HITPOINT WARNING * * *
The orc wizard hits you but does no damage. x2
You sock the orc wizard!
The orc wizard hits you but does no damage.
You block the orc wizard's attack.
You closely miss the orc wizard.
The orc wizard points at you and mumbles some strange words.
The magic dart hits you.
You die...

#.... # .#.# # #.
...# # #.#.##..#.#
......#.# .....>
##.o# # #..@#
..<....
#.##.#.###.......
#..))...........#
####.####..##.#.#
#.####..##.#.#
#?##.).......######.
#.##.#..#...........
#.##.#..^....#
#.........##.#


You could see an orc wizard.

Vanquished Creatures
  A crimson imp (D:2)
  2 adders
  An ooze (D:2)
  A worm (D:2)
  A dart slug (D:2)
  3 orcs (D:3)
  8 bats
  3 giant cockroaches
  7 goblins
  4 hobgoblins
  4 jackals (D:1)
  3 kobolds (D:2)
  A quokka (D:2)
  A frilled lizard (D:2)
  8 rats
48 creatures vanquished.

Vanquished Creatures (others)
  An orc wizard (D:3)
1 creature vanquished.

Grand Total: 49 creatures vanquished

Notes
Turn   | Place    | Note
-------+----------+-------------------------------------------
     0 | D:1      | MrTaco21 the Gargoyle Fighter began the quest for the Orb.
     0 | D:1      | Reached XP level 1. HP: 14/14 MP: 1/1
    37 | D:1      | Found a shattered altar of Ashenzari.
   141 | D:1      | Reached XP level 2. HP: 19/19 MP: 2/2
   205 | D:1      | Reached skill level 3 in Maces & Flails
   729 | D:2      | Reached XP level 3. HP: 23/23 MP: 3/3
   888 | D:2      | Reached skill level 4 in Maces & Flails
   888 | D:2      | Reached XP level 4. HP: 19/28 MP: 4/4
  1725 | D:3      | Reached skill level 5 in Maces & Flails
  1731 | D:3      | Killed from afar by an orc wizard

Levels and vault maps discovered:
D:1:      dpeg_arrival_fog, layout_rooms, evilmike_ruin_ashenzari
D:2:      layout_basic, first_ration
D:3:      layout_loops_cross, ebering_ghost_reflecting_pool

Skill      XL: |  1  2  3  4 |
---------------+-------------+-----
Maces & Flails | 3 4 5 |  5.0
Fighting       | |  3.2
Armour         | |  3.2
Shields        | |  3.2

Action                   |  1- 3 |  4- 6 || total
-------------------------+-------+-------++-------
Melee: Flail             |   131 |   103 ||   234
  Use: Scroll            |     2 |     1 ||     3
  Eat: Chunk             |       |     3 ||     3
Armor: Scale mail        |    98 |    80 ||   178
Dodge: Dodged            |    59 |    34 ||    93
Block: Kite shield       |   106 |    60 ||   166

Table legend:
 A = Non-vault XP
 B = Vault XP
 C = Vault XP percentage of total XP
 D = Non-vault monster count
 E = Vault monster count
 F = Vault count percentage of total count
                 A         B        C        D         E       F
            +---------+---------+-------+---------+---------+-------
      Total |     164 |       0 |   0.0 |      48 |       0 |   0.0
            +---------+---------+-------+---------+---------+-------
        D:1 |      32 |       0 |   0.0 |      19 |       0 |   0.0
        D:2 |     107 |       0 |   0.0 |      23 |       0 |   0.0
        D:3 |      25 |       0 |   0.0 |       6 |       0 |   0.0
            +---------+---------+-------+---------+---------+-------
